 Dungeon Crawl Stone Soup version 0.29.1-12-g30fa7ad0bf (webtiles) character file.

Game seed: 14511757708131113090

52 nightchill the Trooper (level 3, -1/34 HPs)
             Began as a Minotaur Fighter on Jan 10, 2023.
             Succumbed to a gnoll's poison
             ... on level 2 of the Dungeon.
             The game lasted 00:01:47 (1290 turns).

nightchill the Trooper (Minotaur Fighter)           Turns: 1290, Time: 00:01:47

Health: -1/34      AC:  9    Str: 22    XL:     3   Next: 60%
Magic:  2/2        EV:  7    Int:  5    God:
Gold:   73         SH:  4    Dex:  9    Spells: 2/2 levels left

rFire   . . .      SeeInvis .   a - +0 war axe
rCold   . . .      Faith    .   c - +0 buckler
rNeg    . . .      Spirit   +   j - +0 chain mail
rPois   .          Reflect  .   (helmet restricted)
rElec   .          Harm     .   (no cloak)
rCorr   .          Rampage  .   (no gloves)
Will    .....                   (no boots)
Stlth   ..........              h - amulet of guardian spirit
HPRegen 0.11/turn               (no ring)
MPRegen 0.08/turn               (no ring)

@: lethally poisoned (-1 -> -16)
A: horns 2, retaliatory headbutt
a: no special abilities


You were on level 2 of the Dungeon.
You visited 1 branch of the dungeon, and saw 2 of its levels.

You collected 73 gold pieces.

Inventory:

Hand Weapons
 a - a +0 war axe (weapon)
Armour
 b - a +0 scale mail
 c - a +0 buckler (worn)
 j - a +0 chain mail (worn)
Jewellery
 h - an amulet of guardian spirit (around neck)
Scrolls
 e - 2 scrolls of magic mapping {unknown}
 g - a scroll of teleportation {unknown}
 i - 4 scrolls of identify {unknown}
 m - a scroll of fog {unknown}
Potions
 d - 2 potions of might
 f - a potion of haste {unknown}
 k - a potion of degeneration {unknown}
 l - a potion of curing {unknown}


   Skills:
 + Level 4.3 Fighting
 * Level 4.2 Axes
 - Level 3.6 Armour
 - Level 3.6 Shields


You had 2 spell levels left.
You didn't know any spells.
Your spell library was empty.

Dungeon Overview and Level Annotations

Branches:
Dungeon (2/15)

Altars:


Innate Abilities, Weirdness & Mutations

You have a pair of horns on your head.
You reflexively headbutt those who attack you in melee.


Message History

You kill the gnoll!
No target in view!
No target in view! 2 gnolls come into view.
A gnoll is wielding a +2 spear of venom.
The gnoll shouts! x2; You hear a shout!
A goblin comes into view. It is wielding a +0 dagger.
The gnoll moves out of view.
A gnoll comes into view. It is wielding a +0 spear.
There are monsters nearby!
There are monsters nearby!
The gnoll hits you with a +0 spear. The gnoll closely misses you.
The gnoll hits you with a +2 spear of venom.
You are poisoned.
You hit the gnoll but do no damage. You hit the gnoll.
You barely miss the gnoll.
You feel very sick. The gnoll hits you but does no damage.
The gnoll barely misses you. You furiously retaliate!
You headbutt the gnoll.
The gnoll hits you with a +2 spear of venom.
You are lethally poisoned!
The gnoll attacks as you move away! You block the gnoll's attack.
* * * LOW HITPOINT WARNING * * *
You feel very sick. The goblin barely misses you. The gnoll closely misses you.
The gnoll hits you from afar with a +0 spear.
* * * LOW HITPOINT WARNING * * *
The gnoll hits you but does no damage.
You are more poisoned.
* * * LOW HITPOINT WARNING * * *
You feel very sick.
You slash the goblin!
You kill the goblin!
* * * LOW HITPOINT WARNING * * *
You feel very sick. The gnoll hits you but does no damage.
Press: ? - help, v - describe, . - travel
Here: a gnoll, wielding a +2 spear of venom The floor.
You die...

#......###....#.####
#......#....#.#....##
####......#....#.####..#
........g.#....#..####.#
#..g.g.#....##.......
#....g.#....########.
#####)##....# ##
#......###'## #...@..#
#.# #......# #.#
###....†)###.##########
.......................
###......###.##########
#####.####.# #...#
#......######...#
#......'........'
#......######...#


You could see 3 gnolls.

Vanquished Creatures
  An adder (D:2)
  A gnoll (D:2)
  2 worms (D:2)
  3 endoplasms
  A giant cockroach (D:2)
  2 goblins
  2 jackals (D:1)
  4 quokkas (D:1)
  3 ball pythons
  5 bats
  2 kobolds (D:1)
  A rat (D:1)
27 creatures vanquished.

Notes
Turn   | Place    | Note
-------+----------+-------------------------------------------
     0 | D:1      | nightchill the Minotaur Fighter began the quest for the
                  | Orb.
     0 | D:1      | Reached XP level 1. HP: 19/19 MP: 0/0
   226 | D:1      | Reached XP level 2. HP: 27/27 MP: 1/1
  1201 | D:2      | Reached XP level 3. HP: 33/33 MP: 2/2
  1235 | D:2      | Identified the +11 spear "Oristroo" {freeze, Dex+4}
  1290 | D:2      | Succumbed to a gnoll's poison

Illustrated notes

Levels and vault maps discovered:
D:1:      minmay_arrival_checkered_box, layout_basic
D:2:      layout_basic, shapermc_ecumenical_altar_ellora, uniq_jessica,
          uniq_sigmund

Skill      XL: |  1  2  3 |
---------------+----------+-----
Axes           | 3 4 |  4.2
Fighting       | 4 |  4.3
Armour         | |  3.6
Shields        | |  3.6

Action                   || total
-------------------------++-------
Melee: War axe           ||    50
       Headbutt          ||     6
Armor: Scale mail        ||    10
       Chain mail        ||    21
Dodge: Dodged            ||    22
Block: Buckler           ||    13
